 Dungeon Crawl Stone Soup version 0.31.0-11-ge490571c62 (webtiles) character file.

Game seed: 13573248278920321221

118 Gadfly the Insei (level 4, -4/35 HPs)
             Began as a Demonspawn Monk on Feb 3, 2024.
             Slain by an orc
             ... wielding a +0 flail of holy wrath
              (6 damage)
             ... on level 3 of the Dungeon.
             The game lasted 00:02:06 (2108 turns).

Gadfly the Insei (Demonspawn Monk)                  Turns: 2108, Time: 00:02:08

Health: -4/35      AC:  9    Str: 14    XL:     4   Next: 72%
Magic:  4/4        EV: 13    Int: 10    God:
Gold:   156        SH:  0    Dex: 15    Spells: 3/3 levels left

rFire   . .          .
                       - Unarmed
rCold   . . .        c - orb {light}
rNeg    . . .        a - +0 robe
rPois   .            (no helmet)
rElec   .            (no cloak)
rCorr   .            d - +0 pair of gloves
SInv    .            (no boots)
Will    .....        (no amulet)
Stlth   +            (no ring)
HPRegen 0.25/turn    (no ring)
MPRegen 0.09/turn

%: no passive effects
@: sanguine armoured, glowing
A: sanguine armour 1
a: no special abilities


You were on level 3 of the Dungeon.
You visited 1 branch of the dungeon, and saw 3 of its levels.

You collected 156 gold pieces.

Inventory:

Armour
 a - a +0 robe (worn)
 c - an orb of light (worn)
 d - a +0 pair of gloves (worn)
Potions
 b - a potion of ambrosia
 e - a potion of attraction
 f - a potion of might {unknown}
 g - a potion of curing
 h - a potion of resistance {unknown}
 i - a potion of lignification {unknown}
 j - a potion of heal wounds {unknown}


   Skills:
 - Level 3.0 Fighting
 + Level 3.1 Dodging
 * Level 3.5 Unarmed Combat
 * Level 2.1 Evocations
 * Level 1.7 Shapeshifting


You had 3 spell levels left.
You didn't know any spells.
Your spell library contained the following spells:

 Spells                   Type           Power      Damage    Failure   Level
 Animate Dead             Necr           0%         N/A       98%         4
 Borgnjor's Vile Clutch   Necr/Erth      0%         N/A       100%        5
 Death Channel            Necr           0%         N/A       100%        6


Dungeon Overview and Level Annotations

Branches:
Dungeon (3/15)

Altars:

Shops:
D:1 :


Innate Abilities, Weirdness & Mutations

When seriously injured, your blood forms armour. (AC +6)


Message History

An orc comes into view. It is wielding a +0 short sword.
Items here: )) [[.
An orc priest and 2 orcs come into view.
Found a scroll of teleportation.
The orc priest shouts!
The orc shouts! x2
The orc throws a boomerang.
The boomerang hits you but does no damage.
There is an open door here.
The kobold closely misses you.
You hit the kobold.
You kill the kobold!
You hit the orc but do no damage.
Your blood armour dries and flakes away.
The orc barely misses you.
You hit the orc.
The orc is heavily wounded.
The orc hits you with a +0 flail of holy wrath.
Your blood congeals into armour.
You convulse.
The orc hits you but does no damage. The orc closely misses you.
You barely miss the orc.
The orc is heavily wounded.
The orc hits you with a +0 short sword.
You are too injured to fight recklessly!
You are too injured to fight recklessly!
You are too injured to fight recklessly!
You are too injured to fight recklessly!
You are too injured to fight recklessly!
You are too injured to fight recklessly!
You are too injured to fight recklessly!
You are too injured to fight recklessly!
There are monsters nearby!
Unknown command.
You completely miss the orc.
The orc priest calls down the wrath of Beogh upon you.
Beogh smites you!
* * * LOW HITPOINT WARNING * * *
The orc hits you with a +0 flail of holy wrath.
* * * LOW HITPOINT WARNING * * *
You convulse.
You die...

#..........#
#..........#
#..........#
#..........#
..?........#
......oo...#
......o....#
.....o.@o..#
#######o#####
#.....)....#
#..........#
#..........#
#..........#
#.....)....#
#..........#
#..........#


You could see an orc priest and 5 orcs.

Vanquished Creatures
  An orc wizard (D:3)
  2 adders (D:2)
  A dart slug (D:2)
  3 ribbon worms (D:2)
  7 orcs (D:3)
  3 endoplasms
  4 giant cockroaches
  4 goblins (D:1)
  A hobgoblin (D:3)
  6 jackals
  3 quokkas
  9 ball pythons
  A bat (D:2)
  2 frilled lizards
  4 kobolds
  8 rats
59 creatures vanquished.

Notes
Turn   | Place    | Note
-------+----------+-------------------------------------------
     0 | D:1      | Gadfly the Demonspawn Monk began the quest for the Orb.
     0 | D:1      | Reached XP level 1. HP: 18/18 MP: 1/1
   116 | D:1      | Found Ihouromi's Book Shoppe.
   374 | D:1      | Gained mutation: When seriously injured, your blood forms
                  | armour. (AC +6) [demonic ancestry]
   374 | D:1      | Reached XP level 2. HP: 14/24 MP: 2/2
   520 | D:1      | Reached skill level 1 in Evocations
  1038 | D:2      | Reached skill level 1 in Shapeshifting
  1038 | D:2      | Reached XP level 3. HP: 23/29 MP: 3/3
  1596 | D:2      | Reached XP level 4. HP: 35/35 MP: 4/4
  2108 | D:3      | Slain by an orc

Illustrated notes

Levels and vault maps discovered:
D:1:      psy_arrival_dodecagon, layout_basic, serial_shops,
          nicolae_shop_behind_doors, st_stairs_11, minmay_tetromino_l2
D:2:      layout_basic, nicolae_concentric_dashed_squares_wild
D:3:      layout_basic, serial_shops, nicolae_shop_competitors_out_of_business,
          ebering_ecumenical_altar_sacrificial, grunt_ministairs_8,
          kennysheep_generic_room_16

Skill      XL: |  1  2  3  4 |
---------------+-------------+-----
Unarmed Combat | 3 |  3.5
Evocations     | 1 2 |  2.1
Shapeshifting  | 1 |  1.7
Dodging        | 3 |  3.1
Fighting       | |  3.0

Action                     |  1- 3 |  4- 6 || total
---------------------------+-------+-------++-------
  Melee: Unarmed           |   150 |    79 ||   229
    Use: Scroll            |     6 |       ||     6
         Potion            |       |     1 ||     1
 Armour: Robe              |    80 |    38 ||   118
  Dodge: Dodged            |   107 |    45 ||   152
